 Dungeon Crawl Stone Soup version 0.26.0-16-gc1dbca0489 (webtiles) character file.

Game seed: 3881865027834031043

10072 vvl the Cleaver (level 11, -3/95 HPs)
             Began as a White Draconian Fighter on Jan 21, 2021.
             Was an Elder of Okawaru.
             Slain by a two-headed ogre
             ... wielding a +0 giant spiked club
              (28 damage)
             ... on level 8 of the Dungeon.
             The game lasted 00:40:32 (11632 turns).

vvl the Cleaver (White Draconian Fighter)          Turns: 11632, Time: 00:40:34

Health: -3/95      AC:  9    Str: 27    XL:     11   Next: 31%
Magic:  11/11      EV: 14    Int:  9    God:    Okawaru [****..]
Gold:   311        SH: 16    Dex: 11    Spells: 10/10 levels left

rFire    + . .     SeeInvis .   q - +2 spear (venom)
rCold    + + .     Faith    .   b - +0 kite shield
rNeg     . . .     Spirit   .   (armour unavailable)
rPois    .         Reflect  +   (helmet restricted)
rElec    .         Harm     .   I - scarf {rC+ rF+}
rCorr    .         Rampage  .   B - +0 pair of gloves
Will     .....                  D - +0 pair of boots
Stlth    +.........             S - amulet of reflection
HPRegen  0.25/turn              F - +6 ring of strength
MPRegen  0.12/turn              (no ring)

@: short of breath
A: breathe frost, unfitting armour, cold resistance 1, cold-blooded, AC +7
a: Breathe Frost, Renounce Religion, Heroism


You were on level 8 of the Dungeon.
You worshipped Okawaru.
Okawaru was greatly pleased with you.
You visited 2 branches of the dungeon, and saw 11 of its levels.
You also visited: Ossuary and Bailey.

You collected 606 gold pieces.
You spent 295 gold pieces at shops.

Inventory:

Hand Weapons
 a - a +0 war axe
 q - a +2 spear of venom (weapon)
Missiles
 s - 3 throwing nets (quivered)
 O - 71 bolts
Armour
 b - a +0 kite shield (worn)
 B - a +0 pair of gloves (worn)
 D - a +0 pair of boots (worn)
 I - a scarf of resistance (worn)
Magical Staves
 K - an uncursed staff of poison
 R - an uncursed staff of death {unknown}
Jewellery
 j - an uncursed ring of protection from cold
 m - an uncursed ring of positive energy
 F - a +6 ring of strength (left hand)
 G - a +6 ring of intelligence
 N - an uncursed amulet of regeneration
 S - an amulet of reflection (around neck)
Wands
 r - a wand of polymorph (8)
 v - a wand of flame (6)
 x - a wand of random effects (22)
Scrolls
 e - 8 scrolls of amnesia
 f - 6 scrolls of identify
 g - 8 scrolls of remove curse
 i - 2 scrolls of enchant armour
 p - 2 scrolls of fear
 w - a scroll of random uselessness {unknown}
 y - a scroll of teleportation
 A - 5 scrolls of blinking
 E - 4 scrolls of magic mapping
 H - a scroll of holy word {unknown}
 L - 2 scrolls of enchant weapon {unknown}
 P - a scroll of immolation
 Q - a scroll of acquirement {unknown}
Potions
 c - 3 potions of might
 d - a potion of ambrosia
 h - 6 potions of lignification
 k - a potion of heal wounds {unknown}
 l - 2 potions of cancellation
 n - a potion of berserk rage {unknown}
 o - a potion of magic {unknown}
 t - 2 potions of mutation {unknown}
 u - a potion of invisibility {unknown}
 z - a potion of experience {unknown}
 C - 5 potions of flight {unknown}
 J - 5 potions of curing
 M - a potion of brilliance {unknown}


   Skills:
 + Level 8.7 Fighting
 * Level 10.5 Axes
 + Level 7.4 Dodging
 + Level 7.9 Shields
 + Level 7.1 Evocations


You had 10 spell levels left.
You didn't know any spells.
Your spell library contained the following spells:

 Spells                   Type           Power        Failure   Level
 Freeze                   Ice            0%           69%         1
 Sting                    Tmut/Pois      0%           69%         1
 Call Imp                 Summ           0%           83%         2
 Wereblood                Tmut           0%           83%         2
 Frozen Ramparts          Ice            0%           96%         3
 Ozocubu's Armour         Ice            0%           96%         3
 Hailstorm                Conj/Ice       0%           100%        4
 Summon Ice Beast         Ice/Summ       0%           100%        4
 Bolt of Magma            Conj/Fire/Erth 0%           100%        5
 Irradiate                Conj/Tmut      0%           100%        5
 Iskenderun's Battlesphe  Conj           0%           100%        5
 Iron Shot                Conj/Erth      0%           100%        6
 Orb of Destruction       Conj           0%           100%        7
 Spellforged Servitor     Conj/Summ      0%           100%        7
 Summon Hydra             Summ           0%           100%        7


Dungeon Overview and Level Annotations

Branches:
Dungeon (10/15)            Temple (1/1) D:7         Ossuary (visited)
 Bailey (visited)
   Lair: D:8-11         Orc: D:9-12

Altars:
Cheibriados
Dithmenos
Elyvilon
Fedhas
Hepliaklqana
Kikubaaqudgha
Makhleb
Nemelex Xobeh
Okawaru
Ru
Sif Muna
Uskayaw
Vehumet
Wu Jian
Xom
Yredelemnul
Zin
The Shining One
Beogh

Shops:
D:5 [   D:10 (*

Annotations:
D:10 3 runed translucent doors, howech's ghost, novice GrEE


Innate Abilities, Weirdness & Mutations

You can breathe waves of freezing cold.
You can buffet flying creatures when you breathe cold.
Your icy white scales are hard. (AC +7)
You cannot fit into any form of body armour.
Your flesh is cold resistant. (rC+)
You are cold-blooded and may be slowed by cold attacks.


Message History

The shadow imp is moderately wounded.
The shadow imp barely misses you.
You barely miss the shadow imp.
The shadow imp is moderately wounded.
You hit the shadow imp.
You tail-slap the shadow imp, but do no damage.
The shadow imp is heavily wounded.
The shadow imp gestures at you. Pain shoots through your body!
* * * LOW HITPOINT WARNING * * *
You puncture the shadow imp!
You kill the shadow imp!
Okawaru accepts your kill.
You hit the two-headed ogre but do no damage.
The two-headed ogre looks even sicker.
The two-headed ogre is moderately wounded.
The two-headed ogre hits you with a +0 giant spiked club.
* * * LOW HITPOINT WARNING * * *
The two-headed ogre hits you with a +0 giant club!!
You die...

#### ####### ...#####
##### ##.....##
.......# ###...##
#........
.......###...<..##
#........
.......##.....#.@##
##.......
.......#....#####O###
#.....(.
...........## ##..###
##.(.... ..........##
#....######....#
.....(..#######
#.....[)#......#
.......## #...##
#...####...#####
.......#
##....###..## ##..#
..(((..# #......##..#
##.## .(....##
#.......#..# #..#


You could see a two-headed ogre (very poisoned).

Vanquished Creatures
  An orc warlord (Bailey)
  A two-headed ogre (D:10)
  An unseen horror (D:10)
  A wizard (D:10)
  An orc knight (Bailey)
  Psyche (D:8)
  Grinder (D:3)
  6 yaks
  2 steam dragons
  A water moccasin (D:7)
  2 black bears
  6 orc warriors
  Purgy (D:3)
  A hornet zombie (Ossuary)
  A sky beast (D:8)
  Duvessa (D:6)
  3 ice beasts
  A phantom (D:4)
  A necrophage (D:8)
  3 ogres
  2 big kobolds (D:8)
  2 bullfrogs
  A gnoll sergeant (D:7)
  3 wyvern zombies
  2 scorpions
  Dowan (D:6)
  10 killer bees
  A crimson imp (D:10)
  6 bullfrog zombies
  3 orc wizards
  3 centaur zombies
  5 jellies
  6 orc priests
  A bullfrog skeleton (D:10)
  2 hounds
  Ijyb (D:3)
  4 iguanas
  Terence (D:3)
  Natasha (thrice) (D:3)
  6 worker ants
  A killer bee zombie (Ossuary)
  3 hound zombies
  3 hound skeletons
  12 mummies (Ossuary)
  A howler monkey zombie (Ossuary)
  2 worker ant zombies (Ossuary)
  8 gnolls
  12 adders
  4 shadow imps
  7 white imps
  2 ufetubi
  5 adder zombies
  2 worms
  5 dart slugs
  13 leopard geckos
  27 orcs
  5 giant cockroaches
  18 goblins
  3 hobgoblins
  23 jackals
  5 quokkas
  A ball python (D:8)
  9 bats
  5 frilled lizards (D:2)
  25 kobolds
  3 quokka zombies (Ossuary)
  3 rats (D:3)
306 creatures vanquished.

Vanquished Creatures (others)
  3 plants (D:10)
  8 withered plants
11 creatures vanquished.

Grand Total: 317 creatures vanquished

Notes
Turn   | Place    | Note
-------+----------+-------------------------------------------
     0 | D:1      | vvl the Draconian Fighter began the quest for the Orb.
     0 | D:1      | Reached XP level 1. HP: 19/19 MP: 1/1
   131 | D:1      | Reached XP level 2. HP: 26/26 MP: 2/2
   678 | D:2      | Reached XP level 3. HP: 17/31 MP: 3/3
   700 | D:2      | Reached skill level 1 in Evocations
  1092 | D:2      | Reached XP level 4. HP: 37/40 MP: 4/4
  1377 | D:2      | Reached skill level 3 in Axes
  1839 | D:3      | Noticed Natasha
  1844 | D:3      | Killed Natasha
  1845 | D:3      | Reached XP level 5. HP: 46/46 MP: 5/5
  1871 | D:3      | Noticed Natasha
  1882 | D:3      | Killed Natasha
  1959 | D:3      | Found an ancient bone altar of Kikubaaqudgha.
  1981 | D:3      | Noticed Natasha
  1986 | D:3      | Killed Natasha
  2132 | D:3      | Noticed Purgy
  2144 | D:3      | Killed Purgy
  2145 | D:3      | Reached XP level 6. HP: 36/53 MP: 6/6
  2306 | D:3      | Noticed Grinder
  2309 | D:3      | Noticed Ijyb
  2328 | D:3      | Killed Ijyb
  2329 | D:3      | Reached skill level 4 in Axes
  2332 | D:3      | Killed Grinder
  2333 | D:3      | Your scales start taking on an icy white colour.
  2333 | D:3      | Reached XP level 7. HP: 30/60 MP: 7/7
  2333 | D:3      | Gained mutation: Your flesh is cold resistant. (rC+) [White
                  | Draconian growth]
  2654 | D:3      | Noticed Terence
  2664 | D:3      | Killed Terence
  2690 | D:3      | Found a roughly hewn altar of Beogh.
  2926 | D:3      | Reached skill level 5 in Fighting
  3348 | D:4      | Reached skill level 5 in Axes
  4335 | D:5      | Entered Level 5 of the Dungeon
  4387 | D:5      | Reached XP level 8. HP: 65/69 MP: 8/8
  4499 | D:5      | Found a white marble altar of Elyvilon.
  4533 | D:5      | Found a snail-covered altar of Cheibriados.
  4744 | D:5      | Found Wyoqipta's Antique Armour Shoppe.
  4755 | D:5      | Bought a runed scarf for 240 gold pieces
  4837 | D:5      | Reached skill level 5 in Shields
  4948 | D:6      | Reached skill level 6 in Axes
  4956 | D:6      | HP: 1/70 [orc warrior/+0 glaive (31)]
  4982 | D:6      | Found a sand-covered staircase.
  4982 | D:6      | Noticed Duvessa
  4982 | D:6      | Noticed Dowan
  5301 | D:6      | Killed Dowan
  5329 | D:6      | Killed Duvessa
  5330 | D:6      | Reached skill level 5 in Dodging
  5386 | Ossuary  | Entered an ossuary
  5653 | Ossuary  | HP: 3/70 [hornet zombie (14)]
  5661 | Ossuary  | Reached skill level 7 in Axes
  5666 | Ossuary  | Reached XP level 9. HP: 20/77 MP: 9/9
  7069 | D:6      | Found a shimmering blue altar of Sif Muna.
  7231 | D:7      | Reached skill level 5 in Evocations
  7357 | D:7      | Reached skill level 8 in Axes
  7567 | D:7      | Found a staircase to the Ecumenical Temple.
  7630 | Temple   | Entered the Ecumenical Temple
  7740 | Temple   | Became a worshipper of Warmaster Okawaru
  8601 | D:8      | Reached * piety under Okawaru
  8658 | D:8      | Noticed Psyche
  8680 | D:8      | Killed Psyche
  8681 | D:8      | Reached XP level 10. HP: 64/86 MP: 10/10
  9231 | D:8      | You fall into a shaft and drop 2 floors!
  9231 | D:10     | Entered Level 10 of the Dungeon
  9253 | D:10     | Found Gate's General Store.
  9263 | D:10     | Bought a scroll of identify for 22 gold pieces
  9263 | D:10     | Bought a scroll of teleportation for 33 gold pieces
  9344 | D:10     | Found Anluceir's Antique Weapon Boutique.
  9402 | D:10     | Reached skill level 9 in Axes
  9405 | D:10     | Found a flagged portal.
  9410 | Bailey   | Entered a bailey
  9426 | Bailey   | Noticed an orc warlord
  9460 | Bailey   | Noticed an orc knight
  9474 | Bailey   | Found a runed translucent gate.
  9475 | Bailey   | Found a runed translucent gate.
  9491 | Bailey   | Killed an orc knight
  9491 | Bailey   | Reached ** piety under Okawaru
  9586 | Bailey   | Found a runed translucent gate.
  9911 | Bailey   | Killed an orc warlord
 10045 | Bailey   | Identified the Tome of Mutagenic Calling
 10121 | D:9      | Reached *** piety under Okawaru
 10335 | D:9      | Noticed a two-headed ogre
 10443 | D:10     | Reached skill level 10 in Axes
 10465 | D:10     | Reached XP level 11. HP: 77/95 MP: 11/11
 10588 | D:10     | Noticed a wizard
 10603 | D:10     | Killed a wizard
 10821 | D:10     | Killed an unseen horror
 10821 | D:10     | Reached **** piety under Okawaru
 11133 | D:10     | Noticed a two-headed ogre
 11163 | D:10     | Killed a two-headed ogre
 11336 | D:10     | Found a runed translucent gate.
 11337 | D:10     | Noticed a 12-headed hydra
 11337 | D:10     | Noticed a nine-headed hydra
 11338 | D:10     | Found a runed translucent gate.
 11338 | D:10     | Noticed howech's ghost (novice GrEE)
 11340 | D:10     | Found a runed translucent gate.
 11632 | D:8      | Slain by a two-headed ogre

Illustrated notes

Levels and vault maps discovered:
D:1:      lightli_arrival_noodles, layout_basic
D:2:      layout_loops_ring, minmay_liquid_box
D:3:      layout_loops_ring, kiku_gazebo_garden_becter, kennysheep_orc_chapel,
          uniq_grinder, uniq_ijyb, uniq_terence, uniq_natasha, uniq_purgy
D:4:      layout_loops_ring
D:5:      kennysheep_big_flooded_room, layout_rooms, lemuel_doored_altar,
          elyvilon_altar_1, serial_shops,
          nicolae_shop_temple_entry_statues_fountains
D:6:      layout_loops_ring, tgw_sif, enter_ossuary_2, uniq_duvessa
D:7:      layout_loops_ring, minmay_temple_entry_glass
D:8:      layout_cave_pods, kennysheep_generic_room_12, uniq_psyche
D:9:      layout_basic
D:10:     layout_long_grid, enter_bailey_3, serial_shops,
          nicolae_shop_statue_plus, shop, gammafunk_ghost_hydra_chop,
          lightli_wizard_tower
Temple:   dpeg_five_rooms_temple

Skill      XL: |  1  2  3  4  5  6  7  8  9 10 11 |
---------------+----------------------------------+-----
Dodging        | 3 4 5 6 7 |  7.4
Evocations     | 1 2 3 4 5 6 7 |  7.1
Axes           | 3 4 5 7 8 10 | 10.5
Fighting       | 4 5 6 7 8 |  8.7
Shields        | 4 5 6 7 |  7.9

Action                   |  1- 3 |  4- 6 |  7- 9 | 10-12 || total
-------------------------+-------+-------+-------+-------++-------
Melee: War axe           |   109 |    54 |       |       ||   163
       Tailslap          |     9 |    15 |   100 |    63 ||   187
       Spear             |       |    74 |   717 |   339 ||  1130
 Abil: Breathe Frost     |       |       |     8 |    14 ||    22
Evoke: Wand              |       |       |     2 |     4 ||     6
  Use: Potion            |       |       |     4 |     1 ||     5
       Scroll            |       |       |    14 |     7 ||    21
 Stab: Sleeping          |     1 |     2 |     6 |       ||     9
       Distracted        |       |     1 |     1 |       ||     2
       Paralysed         |       |       |       |    17 ||    17
Armor: Skin              |    42 |    42 |   111 |    70 ||   265
Dodge: Dodged            |    60 |    50 |   227 |   185 ||   522
Block: Kite shield       |    57 |    48 |   291 |   255 ||   651
       Reflection        |       |       |       |     2 ||     2
